 Dungeon Crawl Stone Soup version 0.30-a0-879-ga8ba668304 (webtiles) character file.

Game seed: 17319356740765365753

599 jasper the Stinger (level 7, -2/46 HPs)
             Began as a Demonspawn Venom Mage on Mar 13, 2023.
             Slain by an ice beast (3 damage)
             ... on level 5 of the Dungeon.
             The game lasted 00:11:38 (6217 turns).

jasper the Stinger (Demonspawn Venom Mage)          Turns: 6217, Time: 00:11:38

Health: -2/46      AC:  3    Str:  8    XL:     7   Next: 17%
Magic:  10/11      EV: 12    Int: 18    God:
Gold:   61         SH:  5    Dex: 16    Spells: 2/12 levels left

rFire   . . .      SeeInvis .    q - +2 whip (vamp)
rCold   + . .      Faith    .    (no shield)
rNeg    . . .      Spirit   .    a - +1 robe
rPois   .          Reflect  +    (no helmet)
rElec   .          Rampage  .    (no cloak)
rCorr   .                        (no gloves)
Will    .....                    (no boots)
Stlth   +++                      c - amulet of reflection
HPRegen 0.27/turn                h - ring of protection from cold
MPRegen 0.12/turn                (no ring)

@: no status effects
A: thin skeletal structure 1, powered by death 2
a: no special abilities


You were on level 5 of the Dungeon.
You visited 1 branch of the dungeon, and saw 5 of its levels.

You collected 210 gold pieces.
You spent 149 gold pieces at shops.

Inventory:

Hand Weapons
 e - a +0 dagger
 f - a +0 short sword
 q - a +2 vampiric whip (weapon)
 t - a +2 mace of holy wrath
Missiles
 d - 3 boomerangs
Armour
 a - a +1 robe (worn)
Jewellery
 c - an amulet of reflection (around neck)
 h - a ring of protection from cold (left hand)
 x - an amulet of the acrobat
Scrolls
 g - a scroll of immolation
 j - 3 scrolls of vulnerability
 k - 4 scrolls of teleportation
 l - 3 scrolls of enchant armour
 o - a scroll of fear
 u - a scroll of identify
 v - a scroll of blinking
 w - a scroll of butterflies
Potions
 i - a potion of degeneration
 m - a potion of might
 n - a potion of attraction
 p - a potion of cancellation {unknown}
 s - a potion of haste {unknown}
 z - 2 potions of mutation {unknown}


   Skills:
 - Level 1.7 Dodging
 - Level 1.7 Stealth
 + Level 3.3 Spellcasting
 - Level 2.5 Conjurations
 - Level 0.8 Transmutations
 - Level 2.3 Air Magic
 * Level 6.5 Poison Magic


You had 2 spell levels left.
You knew the following spells:

 Your Spells              Type           Power      Damage    Failure   Level
a - Sting                 Tmut/Pois      64%        1d6       3%          1
b - Poisonous Vapours     Pois/Air       38%        N/A       3%          2
c - Mephitic Cloud        Conj/Pois/Air  16%        N/A       10%         3
d - Olgreb's Toxic Radia  Pois           26%        N/A       11%         4

Your spell library contained the following spells:

 Spells                   Type           Power      Damage    Failure   Level
 Beastly Appendage        Tmut           12%        N/A       11%         1
 Slow                     Hex            8%         N/A       16%         1
 Wereblood                Tmut           6%         N/A       17%         2
 Spider Form              Tmut/Pois      16%        N/A       11%         3
 Confusing Touch          Hex            2%         N/A       43%         3
 Vampiric Draining        Necr           2%         2d6       43%         3
 Yara's Violent Unravell  Hex/Tmut       2%         3d3       98%         5
 Enfeeble                 Hex            1%         N/A       100%        7


Dungeon Overview and Level Annotations

Branches:
Dungeon (5/15)
 Temple: D:4-7

Altars:
Cheibriados

Shops:
D:1 (   D:4 ?*(


Innate Abilities, Weirdness & Mutations

You have a somewhat thin skeletal structure. (Dex +2, Stealth+)
You regenerate health from kills.


Message History

The ice beast is severely wounded.
The ice beast hits you. The ice beast freezes you. You resist.
You take 7 damage, and have 17/46 hp.
You barely miss the ice beast.
The ice beast is severely wounded.
The ice beast barely misses you.
You barely miss the ice beast.
The ice beast is almost dead.
The ice beast barely misses you.
You hit the ice beast but do no damage.
The ice beast is almost dead.
The ice beast hits you. The ice beast freezes you. You resist.
* * * LOW HITPOINT WARNING * * *
You take 5 damage, and have 12/46 hp.
The ice beast looks more healthy.
The ice beast attacks as you move away! The ice beast closely misses you.
Aiming: Sting (safe; 3% risk of failure)
Press: ? - help, Q - select action, (/) - cycle Shift-Dir - straight line, f/p - ice beast
Aim: an ice beast (almost dead, 74% to hit)
The sting hits the ice beast.
The ice beast partially resists.
The ice beast is almost dead.
You kill the ogre!
The ice beast hits you.
* * * LOW HITPOINT WARNING * * *
The ice beast freezes you. You resist.
* * * LOW HITPOINT WARNING * * *
You take 7 damage, and have 5/46 hp.
You now have 1/11 mp.
Magic courses through your body. The ice beast hits you.
* * * LOW HITPOINT WARNING * * *
The ice beast freezes you. You resist.
* * * LOW HITPOINT WARNING * * *
You take 4 damage, and have 1/46 hp.
MP restored: 11
Aiming: Sting (safe; 3% risk of failure)
Press: ? - help, Q - select action, (/) - cycle Shift-Dir - straight line, f/p - ice beast
Aim: an ice beast (almost dead, 74% to hit)
The sting hits the ice beast.
The ice beast is poisoned.
The ice beast is almost dead.
The ice beast hits you.
You die...

#.######...##.......###.##..#
....O....#.##.......##..##..#
#....'.........+.......
#####.#.##....)....#####..#
#'#...#'# # ..........# #.)#
##.......#####.......### #...
#...........#.#+#...#'#.# ##.#
##.........##...#####...#####.#
+.........')Y@...#.....)'.)#)#
##.......##......#......##.#.#
#.......#.......#.......#....
####+####.......'.......#..#.
#.......#.......#....
..##......#......##.###
...'......#......'..#
...##...#####...###.# ...
#.#+#...#'#.# #.#


You could see an ice beast (poisoned).

Vanquished Creatures
  An ogre (D:5)
  2 scorpions (D:4)
  A jelly (D:4)
  An orc priest (D:5)
  2 hounds (D:4)
  Natasha (thrice) (D:4)
  An orc wizard (D:4)
  4 adders
  4 gnolls (D:5)
  An ufetubus (D:4)
  A worm (D:4)
  A dart slug (D:3)
  7 orcs
  9 endoplasms
  7 giant cockroaches
  8 goblins
  10 hobgoblins
  3 jackals (D:4)
  8 kobolds
  3 quokkas
  8 ball pythons
  2 bats
  4 frilled lizards
  8 rats
99 creatures vanquished.

Notes
Turn   | Place    | Note
-------+----------+-------------------------------------------
     0 | D:1      | jasper the Demonspawn Venom Mage began the quest for the
                  | Orb.
     0 | D:1      | Reached XP level 1. HP: 13/13 MP: 3/3
     2 | D:1      | Found Ereplee's Antique Weapon Shoppe.
   186 | D:1      | Gained mutation: You regenerate a little health from kills.
                  | [demonic ancestry]
   186 | D:1      | Reached XP level 2. HP: 19/19 MP: 0/5
   261 | D:1      | Learned a level 2 spell: Poisonous Vapours
   711 | D:1      | Found a faded altar of an unknown god.
   783 | D:1      | Reached skill level 4 in Poison Magic
  1035 | D:1      | Reached XP level 3. HP: 24/24 MP: 3/6
  1641 | D:2      | Learned a level 3 spell: Mephitic Cloud
  2535 | D:2      | You fall into a shaft and drop 1 floor!
  3029 | D:3      | Reached XP level 4. HP: 30/30 MP: 1/7
  3243 | D:3      | Reached skill level 1 in Conjurations
  3764 | D:4      | Reached skill level 1 in Air Magic
  3959 | D:4      | Found a snail-covered altar of Cheibriados.
  4019 | D:4      | Noticed Natasha
  4030 | D:4      | Killed Natasha
  4031 | D:4      | Reached skill level 5 in Poison Magic
  4227 | D:4      | Reached XP level 5. HP: 33/35 MP: 1/8
  4534 | D:4      | Noticed Natasha
  4545 | D:4      | Killed Natasha
  4624 | D:4      | Found Qusi's Magic Scroll Shop.
  4631 | D:4      | Bought a scroll of blinking for 97 gold pieces
  4631 | D:4      | Bought a scroll of butterflies for 52 gold pieces
  4639 | D:4      | Found Teali's General Store.
  4973 | D:4      | Found Usogop's Antique Weapon Shop.
  5179 | D:4      | Noticed Natasha
  5189 | D:4      | Killed Natasha
  5359 | D:4      | Gained mutation: You have a somewhat thin skeletal
                  | structure. (Dex +2, Stealth+) [demonic ancestry]
  5359 | D:4      | Reached XP level 6. HP: 11/41 MP: 1/9
  5560 | D:4      | Reached skill level 6 in Poison Magic
  5606 | D:4      | Learned a level 4 spell: Olgreb's Toxic Radiance
  5866 | D:5      | Entered Level 5 of the Dungeon
  6121 | D:5      | Gained mutation: You regenerate health from kills. [demonic
                  | ancestry]
  6121 | D:5      | Reached XP level 7. HP: 46/46 MP: 4/11
  6216 | D:5      | HP: 1/46 [ice beast (3)]
  6217 | D:5      | Slain by an ice beast

Illustrated notes

Levels and vault maps discovered:
D:1:      minmay_arrival_arboretum_small, layout_basic, serial_shops, shop,
          ebering_ecumenical_altar_abandoned
D:2:      layout_basic, minmay_misc_feat_more_columns
D:3:      layout_rooms, minmay_stone_trees_small, corexii_corridor_pit
D:4:      minmay_chambers_of_twos, layout_cave_pools,
          mainiacjoe_overflow_concentric_impassable, serial_shops,
          nicolae_shop_behind_doors, nicolae_shop_statue_plus,
          nicolae_take_the_stairs, serial_co_window_serial, co_window_corner_a,
          co_window_paths_a, co_window_of_opportunity_a,
          co_window_of_opportunity_a, co_window_corner_a, co_window_paths_a,
          co_window_unsneaky_path_a, co_window_broadway_a, co_window_4corner_a,
          glass_columns_c, glass_columns_a, glass_columns_c, glass_columns_a,
          uniq_natasha
D:5:      nicolae_cairo_tiling_very_big, layout_loops_ring, uniq_ijyb

Skill      XL: |  1  2  3  4  5  6 |
---------------+-------------------+-----
Poison Magic   | 4 5 6 |  6.5
Conjurations   | 1 2 |  2.5
Air Magic      | 1 2 |  2.3
Spellcasting   | 3 |  3.3
Dodging        | |  1.7
Stealth        | |  1.7
Transmutations | |  0.8

Action                     |  1- 3 |  4- 6 |  7- 9 || total
---------------------------+-------+-------+-------++-------
  Melee: Unarmed           |     2 |       |       ||     2
         Short sword       |     8 |    20 |       ||    28
         Whip              |       |       |    13 ||    13
  Throw: Boomerang         |     9 |     3 |       ||    12
   Cast: Sting             |    50 |    57 |     6 ||   113
         Poisonous Vapours |    35 |    54 |       ||    89
         Olgreb's Toxic Ra |       |       |     2 ||     2
    Use: Scroll            |    11 |     1 |       ||    12
         Potion            |       |     2 |     1 ||     3
 Armour: Robe              |     5 |     9 |     5 ||    19
         Skin              |       |     1 |       ||     1
  Dodge: Dodged            |    37 |    26 |     8 ||    71
  Block: Other             |     9 |    12 |     2 ||    23
         Reflection        |       |     1 |       ||     1

Table legend: (Time is in decaauts)
 A = Elapsed time spent in this place.
 B = Non-inter-level travel time spent in this place.
 C = Inter-level travel time spent in this place.
 D = Time resting spent in this place.
 E = Time spent auto-exploring this place.
 F = Levels seen in this place.
 G = Mean time per level.
                   A        B        C        D        E       F      G
               +--------+--------+--------+--------+--------+-----+--------+
         Total |   6227 |   6116 |    111 |    440 |   4804 |   5 | 1245.4 |
       Dungeon |   6227 |   6116 |    111 |    440 |   4804 |   5 | 1245.4 |
               +--------+--------+--------+--------+--------+-----+--------+

Top non-repeatable levels by time:
     D:4: 2119 daAuts
     D:1: 1490 daAuts
     D:2: 1226 daAuts
     D:3: 1039 daAuts
     D:5: 351 daAuts
